 Dungeon Crawl Stone Soup version 0.28-a0-1213-g0243856f03 (webtiles) character file.

Game seed: 1612658169401961789

9 bearlyready the Caller (level 2, 0/20 HPs)
             Began as a Gnoll Summoner on Dec 21, 2021.
             Slain by a quokka (3 damage)
             ... on level 1 of the Dungeon.
             The game lasted 00:01:22 (686 turns).

bearlyready the Caller (Gnoll Summoner)              Turns: 686, Time: 00:01:22

Health: 0/20       AC:  2    Str:  7    XL:     2   Next: 16%
Magic:  6/7        EV: 13    Int: 14    God:
Gold:   17         SH:  0    Dex: 12    Spells: 9/10 levels left

rFire   . . .      SeeInvis .   (no weapon)
rCold   . . .      Faith    .   (no shield)
rNeg    . . .      Spirit   .   a - +0 robe
rPois   .          Reflect  .   (no helmet)
rElec   .          Harm     .   (no cloak)
rCorr   .          Rampage  .   (no gloves)
Will    .....                   (no boots)
Stlth   ++........              (no amulet)
HPRegen 0.06/turn               (no ring)
MPRegen 0.10/turn               (no ring)

@: no status effects
A: fangs 1, strong nose, distributed training
a: no special abilities


You were on level 1 of the Dungeon.
You visited 1 branch of the dungeon, and saw 1 of its levels.

You collected 17 gold pieces.

Inventory:

Hand Weapons
 c - a +0 hunting sling
Missiles
 b - 23 arrows
Armour
 a - a +0 robe (worn)


   Skills:
 + Level 0.3 Fighting
 + Level 0.3 Short Blades
 + Level 0.3 Long Blades
 + Level 0.3 Axes
 + Level 0.3 Maces & Flails
 + Level 0.3 Polearms
 + Level 0.3 Staves
 + Level 0.3 Slings
 + Level 0.3 Bows
 + Level 0.3 Crossbows
 + Level 0.3 Throwing
 + Level 0.3 Armour
 + Level 4.4 Dodging
 + Level 4.0 Stealth
 + Level 0.3 Shields
 + Level 0.3 Unarmed Combat
 + Level 4.9 Spellcasting
 + Level 0.2 Conjurations
 + Level 0.2 Hexes
 + Level 7.0 Summonings
 + Level 0.2 Necromancy
 + Level 0.2 Translocations
 + Level 0.2 Transmutations
 + Level 0.2 Fire Magic
 + Level 0.2 Ice Magic
 + Level 0.2 Air Magic
 + Level 0.2 Earth Magic
 + Level 0.2 Poison Magic
 + Level 0.4 Invocations
 + Level 0.3 Evocations


You had 9 spell levels left.
You knew the following spells:

 Your Spells              Type           Power      Damage    Failure   Level
a - Summon Small Mammal   Summ           92%        N/A       1%          1

Your spell library contained the following spells:

 Spells                   Type           Power      Damage    Failure   Level
 Call Imp                 Summ           23%        N/A       1%          2
 Call Canine Familiar     Summ           23%        N/A       3%          3
 Summon Guardian Golem    Hex/Summ       13%        N/A       12%         3
 Summon Lightning Spire   Summ/Air       13%        N/A       36%         4


Dungeon Overview and Level Annotations

Branches:
Dungeon (1/15)

Altars:


Innate Abilities, Weirdness & Mutations

You have very sharp teeth.
Your uncanny sense of smell can sniff out nearby items.
Your experience applies equally to all skills.


Message History

The jackal bites you.
The quokka bites you but does no damage.
Your rat bites the jackal.
The jackal dies!
You barely miss the quokka.
The quokka is heavily wounded.
Your quokka closely misses the quokka.
The quokka barely misses you.
Your rat barely misses the jackal.
Your quokka barely misses the quokka.
You closely miss the quokka.
The quokka is heavily wounded.
The jackal bites you. The quokka bites you.
* * * LOW HITPOINT WARNING * * *
The jackal bites you but does no damage.
Your quokka closely misses the quokka.
Your rat bites the jackal but does no damage.
The jackal barely misses your rat.
Your quokka misses the quokka.
Your rat closely misses the quokka.
The quokka barely misses you.
You barely miss the quokka.
The quokka is heavily wounded.
The jackal bites your rat.
Your rat dies!
Your rat's corpse disappears in a puff of smoke!
The jackal bites your quokka.
Your quokka barely misses the quokka.
The quokka bites you.
* * * LOW HITPOINT WARNING * * *
You aren't carrying any potions.
Unknown command.
You aren't carrying any scrolls.
Unknown command.
You miss the quokka.
The quokka is heavily wounded.
The jackal bites your quokka but does no damage.
Your quokka closely misses the quokka.
The jackal closely misses you. The quokka barely misses you.
The jackal bites your quokka.
You closely miss the quokka. Your bite misses the quokka.
The quokka is heavily wounded.
Your quokka barely misses the quokka.
The jackal bites you.
* * * LOW HITPOINT WARNING * * *
The quokka bites you.
You die...

..........#.#####.#..........
..........#.#####.###........
..(.......#....##.##...######
#.......####..#.##.###
#....r..##.........#
#.....Sh##.##S#.####
#......§#..##h#h#
#.......r.###hrr#
#......S...###@.#
#..........###..#####
#........÷.#........#
#........>.#........#
.....########........# ...##
#........# ... #........#
#........# #........#


You could see a quokka (ally target), 3 jackals, a ball python and a friendly
quokka (summoned).

Vanquished Creatures (collateral kills)
  2 endoplasms (D:1)
  A hobgoblin (D:1)
  2 jackals (D:1)
  2 quokkas (D:1)
7 creatures vanquished.

Notes
Turn   | Place    | Note
-------+----------+-------------------------------------------
     0 | D:1      | bearlyready the Gnoll Summoner began the quest for the Orb.
     0 | D:1      | Reached XP level 1. HP: 13/13 MP: 6/6
   588 | D:1      | Reached XP level 2. HP: 15/19 MP: 2/7
   686 | D:1      | Slain by a quokka

Illustrated notes

Levels and vault maps discovered:
D:1:      heliophobic_arrival_enchanted_forest, layout_rooms, minmay_cut_off

Action                   || total
-------------------------++-------
Melee: Unarmed           ||    31
       Hunting sling     ||     1
       Bite              ||     1
 Cast: Summon Small Mamm ||    20
Armor: Robe              ||     5
Dodge: Dodged            ||    30

Table legend: (Time is in decaauts)
 A = Elapsed time spent in this place.
 B = Non-inter-level travel time spent in this place.
 C = Inter-level travel time spent in this place.
 D = Time resting spent in this place.
 E = Time spent auto-exploring this place.
 F = Levels seen in this place.
 G = Mean time per level.
                   A        B        C        D        E       F      G
               +--------+--------+--------+--------+--------+-----+--------+
         Total |    685 |    685 |      0 |    264 |    325 |   1 |  685.0 |
       Dungeon |    685 |    685 |      0 |    264 |    325 |   1 |  685.0 |
               +--------+--------+--------+--------+--------+-----+--------+

Top non-repeatable levels by time:
     D:1: 685 daAuts
